 Dungeon Crawl Stone Soup version 0.28.0-43-g3370ac3207 (webtiles) character file.

Game seed: 17802910937371483482

208 zeram the Covert (level 5, -2/34 HPs)
             Began as an Octopode Brigand on Mar 1, 2022.
             Killed from afar by an orc wizard (6 damage)
             ... with a magic dart
             ... on level 3 of the Dungeon.
             The game lasted 00:03:35 (2779 turns).

zeram the Covert (Octopode Brigand)                 Turns: 2779, Time: 00:03:36

Health: -2/34      AC:  1    Str: 10    XL:     5   Next: 86%
Magic:  5/5        EV: 13    Int: 16    God:
Gold:   107        SH:  0    Dex: 13    Spells: 4/4 levels left

rFire   . . .      SeeInvis .   f - +0 dagger (venom)
rCold   . . .      Faith    .   (no shield)
rNeg    . . .      Spirit   .   (helmet restricted)
rPois   .          Reflect  .   (no amulet)
rElec   .          Harm     .   (no ring)
rCorr   .          Rampage  .   (no ring)
Will    .....                   (no ring)
Stlth   +++++.....              (no ring)
HPRegen 0.11/turn               (no ring)
MPRegen 0.09/turn               (no ring)
                                (no ring)
                                (no ring)

@: no status effects
A: almost no armour, amphibious, 8 rings, camouflage 1, gelatinous body 1,
(nimble swimmer 1), tentacles
a: no special abilities


You were on level 3 of the Dungeon.
You visited 1 branch of the dungeon, and saw 3 of its levels.

You collected 107 gold pieces.

Inventory:

Hand Weapons
 a - a +2 dagger
 f - a +0 dagger of venom (weapon)
Missiles
 b - 14 poisoned darts (quivered)
 c - 2 curare-tipped darts
Wands
 j - a wand of polymorph (10)
Scrolls
 e - a scroll of enchant armour
 g - a scroll of identify
 i - 2 scrolls of teleportation
Potions
 d - 2 potions of magic
 h - a potion of curing


   Skills:
 - Level 2.0 Fighting
 + Level 3.2 Short Blades
 - Level 2.0 Throwing
 + Level 2.0 Dodging
 + Level 8.4 Stealth


You had 4 spell levels left.
You didn't know any spells.
Your spell library contained the following spells:

 Spells                   Type           Power      Damage    Failure   Level
 Shock                    Conj/Air       0%         1d3       26%         1
 Gell's Gravitas          Tloc           0%         N/A       58%         3
 Lesser Beckoning         Tloc           0%         N/A       58%         3
 Swiftness                Air            0%         N/A       58%         3
 Teleport Other           Tloc           0%         N/A       58%         3
 Airstrike                Air            0%         N/A       94%         4


Dungeon Overview and Level Annotations

Branches:
Dungeon (3/15)

Altars:
Ru


Innate Abilities, Weirdness & Mutations

You cannot wear most types of armour.
You are amphibious.
You can wear up to eight rings at the same time.
Your skin changes colour to match your surroundings (Stealth+).
Your rubbery body absorbs attacks. (AC +1, EV +1)
((You are camouflaged when in or above water. (Stealth+)))
You have tentacles for arms and can constrict up to eight enemies at once.


Message History

An orc comes into view. It is wielding a +0 hand axe.
Items here: ! ( )).
The orc wizard gestures at you while chanting.
The puff of flame hits you!
It was a potion of curing.
You feel better. The goblin hits you with a +0 club.
It was a potion of ambrosia.
You are confused.
You feel invigorated. The goblin hits you with a +0 club.
You bump into the rock wall.
The goblin misses you.
Unknown command.
You completely miss the goblin. The goblin barely misses you.
You bump into the rock wall.
The goblin misses you.
You bump into the rock wall.
You feel less invigorated.
You feel less confused.
The orc wizard casts a spell.
The orc wizard flickers and vanishes!
Deactivating autopickup; reactivate with Ctrl-A.
The orc priest invokes the aid of Beogh against you.
Beogh smites you! The goblin hits you with a +0 club.
You hear a shout!
You hit the goblin.
You kill the goblin!
The orc priest begins to cast a cantrip, but forgets the words!
Unknown command.
You barely miss something. Your squeeze misses something. Something hits you.
You miss something. Something hits you.
The orc priest invokes the aid of Beogh against you.
Something writhes in agony.
Something hits you. The orc priest barely misses you. Something hits you.
* * * LOW HITPOINT WARNING * * *
The orc priest calls down the wrath of Beogh upon you.
Pain shoots through your body!
* * * LOW HITPOINT WARNING * * *
You hit the orc priest but do no damage.
Your grab misses the orc priest. Your squeeze misses the orc priest.
You hear some strange, mumbled words.
A magic dart appears from out of thin air!
The magic dart hits you.
You die...

..# #.# #.#############
#####..#..........# #
..##....########.# #.
#.#.....# #.#
##..###.##....# #.#
..............# #)#
#.....@{...### #.#
#.####o###o# ####.# #o#
#'## #..... #o##...##
#.##.# #o#o....# #....#
# #o.o..... #...##
o...###.........###...>#
.oo.o.......... +.......
......#........ ####...#


You could see an orc priest and 5 orcs.

Vanquished Creatures
  Crazy Yiuf (D:2)
  Ijyb (D:3)
  Natasha (twice) (D:2)
  3 adders
  2 worms (D:3)
  3 dart slugs
  3 orcs (D:3)
  8 ball pythons
  4 endoplasms
  4 giant cockroaches
  6 goblins
  5 hobgoblins (D:1)
  3 jackals (D:2)
  A quokka (D:1)
  7 bats (D:1)
  3 frilled lizards (D:1)
  6 kobolds
  5 rats
67 creatures vanquished.

Notes
Turn   | Place    | Note
-------+----------+-------------------------------------------
     0 | D:1      | zeram the Octopode Brigand began the quest for the Orb.
     0 | D:1      | Reached XP level 1. HP: 14/14 MP: 1/1
    33 | D:1      | Found a sacrificial altar of Ru.
   112 | D:1      | Reached XP level 2. HP: 19/19 MP: 2/2
   153 | D:1      | Reached skill level 6 in Stealth
   316 | D:1      | Reached XP level 3. HP: 8/24 MP: 3/3
  1495 | D:2      | Reached skill level 7 in Stealth
  1677 | D:2      | Reached XP level 4. HP: 29/29 MP: 4/4
  1681 | D:2      | Noticed Natasha
  1692 | D:2      | Killed Natasha
  2122 | D:2      | Found a runed translucent door.
  2123 | D:2      | Noticed Crazy Yiuf
  2152 | D:2      | Noticed Natasha
  2159 | D:2      | Killed Natasha
  2160 | D:2      | Reached XP level 5. HP: 30/34 MP: 5/5
  2357 | D:2      | Killed Crazy Yiuf
  2462 | D:3      | Reached skill level 8 in Stealth
  2695 | D:3      | Noticed Ijyb
  2708 | D:3      | Killed Ijyb
  2748 | D:3      | Found a faded altar of an unknown god.
  2779 | D:3      | Killed from afar by an orc wizard

Illustrated notes

Levels and vault maps discovered:
D:1:      dpeg_arrival_water_altar, layout_basic, minmay_tetromino_i4
D:2:      cheibrodos_helix_gallery, layout_loops_ring, serial_bayou_lagoon_a,
          dk_vineyard_2, uniq_crazy_yiuf_cottage, uniq_natasha
D:3:      layout_loops_corners, grunt_gozag_breadcrumbs,
          ebering_ecumenical_altar_sacrificial, uniq_ijyb

Skill      XL: |  1  2  3  4  5 |
---------------+----------------+-----
Stealth        | 6 7 8 |  8.4
Short Blades   | 3 |  3.2
Dodging        | 2 |  2.0
Fighting       | |  2.0
Throwing       | |  2.0

Action                   |  1- 3 |  4- 6 || total
-------------------------+-------+-------++-------
Melee: Dagger            |    86 |    48 ||   134
       Constrict         |    19 |    12 ||    31
       Tentacles         |    11 |     7 ||    18
       Unarmed           |       |     8 ||     8
  Use: Scroll            |     3 |     3 ||     6
       Potion            |       |     3 ||     3
 Stab: Sleeping          |    15 |     4 ||    19
Armor: Skin              |    18 |     1 ||    19
Dodge: Dodged            |    52 |    35 ||    87
